← All builds
Front / Armada / Economy first / OBSERVED BUILD

Standard front

Armada Front build order · Supreme Isthmus

Standard economy-first Front play: Bot Lab and Vehicle Plant up immediately, units trickle to the coast and middle, with an Advanced Metal Extractor around 9:00 as the eco transition.

#eco · 1700 distinct matches · 248 players · 74% of Armada Front games · team won 61% of 1994 · Recently observed

HOW TO PLAY IT

Key timing: T2 constructor by 7:43

  1. Open mex and wind, drop Bot Lab and Vehicle Plant almost immediately.
  2. Pump Blitz, Rocketeer and Pawn to the coast to stop leaks first.
  3. Add Centurion and Janus once first units are moving up.
  4. Form units into a line pushing toward middle as numbers grow.
  5. Upgrade to Advanced Metal Extractor as the economy transition kicks in.

Phase by phase

TYPICAL OF ITS 1700 GAMES
  1. 1
  2. 2
  3. 3
PLAY THE OPENING

Follow the example game's first 6:00 step by step: what to build now, what comes next, and where it goes. At 1× it keeps pace with your own game.

  1. 1

    Up to the Bot Lab

    Economy
    • Metal Extractor2Mex
    Order
    1. Bot LabBot Lab after 2 mex, 1 winddone ~0:44, middle half 0:33–0:56

    Some games also: wind (48%) · Vehicle Plant (35%)

    By 0:28 in all: 2 mex

    The example game in this phase · 3 steps
    1. Mex ×2
    2. Wind
    3. Vehicle PlantVehicle Plantdone 0:43 · typical 0:47
  2. 2

    Bot Lab to 5:00

    Economy
    • Metal Extractor4Mex
    • Wind Turbine3Wind
    Builders
    • Construction Bot1 Con bot
    Army
    • Sentry1 Sentry
    • Rocketeer6 Rocketeer

    Some games also: Lazarus (49%) · tick (46%) · centurion (40%) · con vehicle (32%) · janus (32%)

    By 5:00 in all: 6 mex · 6 wind

    The example game in this phase · 28 steps
    1. RoverScout
    2. Wind
    3. RoverScout
    4. Mex
    5. Construction VehicleCon vehicle
    6. BlitzBlitz
    7. Mex
    8. BlitzBlitz
    9. Construction VehicleCon vehicle
    10. Mex
    11. JanusJanus ×2
    12. Mex
    13. JanusJanus
    14. WhistlerMissile truck
    15. Construction VehicleCon vehicle
    16. Mex
    17. SentrySentry
    18. JanusJanus
    19. Radar TowerRadar Tower
    20. JanusJanus
    21. Dragon's TeethDragon's Teeth ×3
    22. JanusJanus
    23. Dragon's TeethDragon's Teeth
    24. SentrySentry
    25. WhistlerMissile truck ×3
    26. Dragon's TeethDragon's Teeth ×3
    27. WhistlerMissile truck ×3
    28. Wind ×3
  3. 3

    5:00 to 10:00

    Economy
    • Metal Extractor1Mex
    • Wind Turbine14Wind
    Builders
    • Construction Turret2 Con turret
    Army
    • Sentry1 Sentry

    Some games also: rocketeer (45%) · energy storage (43%) · Lazarus (38%) · con bot (37%) · Radar Tower (36%)

    By 10:00 in all: 7 mex · 24 wind · 1 energy storage · 3 con turret

    The example game in this phase · 63 steps
    1. Con turret
    2. WhistlerMissile truck
    3. Wind
    4. WhistlerMissile truck
    5. Wind ×2
    6. WhistlerMissile truck
    7. Wind ×2
    8. WhistlerMissile truck
    9. Wind ×2
    10. WhistlerMissile truck
    11. Wind
    12. SentrySentry
    13. Wind
    14. WhistlerMissile truck
    15. SentrySentry
    16. Energy storage
    17. WhistlerMissile truck
    18. SentrySentry
    19. WhistlerMissile truck ×2
    20. ShellshockerArty ×3
    21. Mex
    22. ShellshockerArty ×2
    23. BlitzBlitz ×3
    24. SentrySentry
    25. BlitzBlitz ×2
    26. SentrySentry
    27. BlitzBlitz ×3
    28. SentrySentry
    29. BlitzBlitz ×2
    30. Energy storage
    31. BlitzBlitz
    32. SentrySentry
    33. Advanced Metal ExtractorT2 mexdone 9:02 · typical 9:00
    34. BlitzBlitz ×4
    35. Advanced Metal ExtractorT2 mex
    36. BlitzBlitz ×3
    37. Advanced Metal ExtractorT2 mex
    38. BlitzBlitz ×5
    39. Advanced Metal ExtractorT2 mex
    40. BlitzBlitz ×3
    41. Construction VehicleCon vehicle ×4
    42. Advanced Metal ExtractorT2 mex
    43. Construction VehicleCon vehicle
    44. BlitzBlitz ×3
    45. Advanced Vehicle PlantAdvanced Vehicle Plantdone 14:11
    46. BlitzBlitz
    47. Advanced solar
    48. BlitzBlitz
    49. Advanced Metal ExtractorT2 mex
    50. Advanced solar
    51. BlitzBlitz ×2
    52. Advanced solar
    53. BlitzBlitz ×2
    54. Advanced solar
    55. BlitzBlitz
    56. Advanced solar
    57. Advanced Metal ExtractorT2 mex
    58. BlitzBlitz
    59. Advanced solar
    60. BlitzBlitz
    61. AmbassadorAmbassadordone 14:54
    62. BlitzBlitz ×3
    63. AmbassadorAmbassador

Counts are medians over the build's games: half of them build more, half fewer. The example game is Call_Me_Sir's (34 OS, 05/09/2026); pick another.

Team trades

IN AT LEAST 30% OF ITS GAMES

You hand over

Nothing regular.

You get

  • Tidal Generator4 Tidal from Pondfirst at 0:17 · in 68% of games
  • Advanced Construction Bot1 T2 con bot from Geo or Techfirst at 7:24 · in 64% of games

How it plays out

Typical game of this build, running totals by minute

Metal produced

010k20k30k
0:005:0010:0015:00

metal

Enemy metal destroyed

05k10k
0:005:0010:0015:00

metal

Own metal lost

05k10k
0:005:0010:0015:00

metal

1994 games.

Show as table
ByMetal produced: This buildEnemy metal destroyed: This buildOwn metal lost: This build
1:0033300
2:008402131
3:001618135108
4:002700522333
5:0038471128787
6:00503519281428
7:00625027202303
8:00753535463173
9:00897343304071
10:001054250114810
11:001237555405548
12:001452859986409
13:001685964707001
14:001921771867827
15:002184978708694
WHAT THE NUMBERS SAY

Standard Front play wins more often than Suicide front and produces more metal by 15:00 while losing less of it.

  • + Metal produced reaches 22627 by 15:00, well above Suicide front's 20142.
  • + Own metal lost is 8944 by 15:00, lower than enemy metal destroyed ratio of Suicide front.
  • − First unit lost already at 1:43, showing exposure despite the safer position.
  • − Blitz dominates army share at 25%, leaving fewer Centurion for anti-swarm.
THE EXAMPLE YOU ARE READING

Call_Me_Sir

33.6 OS · 05/09/2026

Open source match ↗

11 received units · includes a constructor
122 metal received · 53618 energy received

Allied construction assistance is unknown. Timings are observations, not a promise of solo reproducibility.

Typical milestones

Bot Lab0:44Middle 50%: 0:33–0:56 · n=1332
Vehicle Plant0:47Middle 50%: 0:41–1:13 · n=1286
Advanced Metal Extractor9:00Middle 50%: 8:09–10:15 · n=1564

Played most by

haaven107games of this buildHummell107games of this buildLeohvm93games of this buildTheGeneraI75games of this buildXad69games of this build